[Event "MCCT Chessable Masters 2022"]
[Site "Online"]
[Date "2022.05.16"]
[Round "2.3"]
[White "Mishra, Abhimanyu"]
[Black "Ding, Liren"]
[Result "0-1"]
[ECO "B12"]
[WhiteElo "2535"]
[BlackElo "2806"]
[Annotator "TA"]
[PlyCount "92"]
[EventDate "2022.05.19"]
[EventType "tourn"]
[EventCountry "NET"]
[SourceTitle "playchess.com"]
[Source "ChessBase"]
[SourceQuality "1"]
[TimeControl "900+10"]

1. e4 c6 2. d4 d5 3. e5 Bf5 4. Nd2 e6 5. Nb3 Nd7 6. Nf3 f6 {[%emt 0:00:03] B12: Caro-Kann: Advance Variation.} 7. Bd3 $1 Bg4 8. h3 Bh5 {[%emt 0:00:03] White is better.} 9. g4 Bf7 {[%emt 0:00:53] [#]} 10. Bf4 $146 ({Predecessor:} 10. Qe2 Qb6 11. c4 Bb4+ 12. Kf1 dxc4 13. Bxc4 O-O-O 14. Be3 Qc7 15. Rc1 Nb6 16. Bf4 {0-1 (29) Wisnet,D (2344)-Mueller,A (2235) Bayern 2014}) 10... a5 11. a4 Ne7 12. Qe2 Ng6 13. Bg3 Bb4+ (13... fxe5 $14 14. Bxg6 Bxg6) 14. c3 $16 Be7 15. h4 Qb6 16. Nbd2 (16. exf6 $16 gxf6 17. h5) 16... h5 ({Resist} 16... Qxb2 17. Rb1 Qxc3 18. exf6 gxf6 19. O-O $18) (16... fxe5 $1 $11 {remains equal.} 17. h5 Nf4 18. Bxf4 exf4) 17. exf6 gxf6 18. g5 O-O-O 19. O-O-O Rde8 20. Rde1 e5 (20... f5 $16) 21. dxe5 $18 fxe5 22. Nxe5 ({Better is} 22. Bf5 $16 e4 23. Nd4) 22... Ngxe5 $14 23. Bxe5 Bxg5 24. hxg5 Nxe5 {[%emt 0:00:10] [#]} 25. Bf5+ (25. f4 $1 $16 Ng4 26. Qf3) 25... Kd8 (25... Kb8 $11 {keeps the balance.}) 26. f4 $16 Ng6 (26... Ng4 $16 27. Qf1 Rxe1+ 28. Qxe1 Re8) 27. Qf3 Rhf8 (27... Qc7 $16) 28. Bc2 $18 Rxe1+ 29. Rxe1 Re8 30. Rxe8+ (30. Rf1 $18) 30... Bxe8 $16 31. Bxg6 Bxg6 $18 {[%emt 0:00:07][%mdl 4096] Endgame KQB-KQN} 32. f5 Be8 {[%emt 0:00:15] [#]} (32... Qg1+ $16 33. Kc2 Be8) 33. Qf4 (33. Qg2 $1 $18 {Threatens to win with g6.} Qe3 34. g6) 33... Qg1+ $16 34. Kc2 Qg4 35. Qxg4 hxg4 {[%emt 0:00:01] KB-KN} 36. Nf1 $2 (36. Kd3 $18) 36... Ke7 $11 {[%emt 0:00:04] White should prevent ...Kd6.} 37. Kd3 Kd6 $1 {[%emt 0:00:15] Black wants to play ...Ke5.} 38. Ne3 Ke5 {[%emt 0:00:13] aiming for ...g3.} 39. g6 g3 {[%emt 0:00:12] Strongly threatening ...c5.} 40. Ke2 {[%emt 0:00:10] And now Kf3 would win.} Kf4 41. b3 b6 42. b4 d4 43. g7 (43. bxa5 $11 dxe3 44. axb6) 43... Bf7 $17 44. bxa5 $2 ({Don't go for} 44. cxd4 $2 axb4 45. d5 cxd5 $19) (44. Ng2+ $19 Kxf5 45. bxa5 d3+ 46. Kxd3 bxa5 47. Ke3) 44... dxe3 {[%emt 0:00:09] Black mates.} 45. axb6 g2 46. b7 Bc4+ {[%emt 0:00:01] What a bad dream for White.  Weighted Error Value: White=0.39/Black=0.25 (precise)} 0-1

[Event "MCCT Chessable Masters 2022"]
[Site "Online"]
[Date "2022.05.16"]
[Round "2.4"]
[White "Shankland, Sam"]
[Black "Anton Guijarro, David"]
[Result "0-1"]
[ECO "A88"]
[WhiteElo "2718"]
[BlackElo "2691"]
[Annotator "TA"]
[PlyCount "92"]
[EventDate "2022.05.19"]
[EventType "tourn"]
[EventCountry "NET"]
[SourceTitle "playchess.com"]
[Source "ChessBase"]
[SourceQuality "1"]
[TimeControl "900+10"]

1. c4 f5 2. g3 g6 3. Nf3 Bg7 4. d4 Nf6 5. Bg2 O-O 6. O-O d6 7. Nc3 c6 8. b3 Na6 {[%emt 0:00:18] 8...Qa5 injects fresh life into this line.} 9. Bb2 Nc7 10. Qd3 {[%emt 0:00:40] A88: Dutch Defence: Leningrad System: 5 Nf3 0-0 6 0-0 d6 7 Nc3 c6.} Rb8 11. e4 (11. e3 $14) 11... fxe4 $1 $11 12. Nxe4 {[%emt 0:00:03] The position is equal.} Nxe4 13. Qxe4 Bf5 14. Qe2 {[%emt 0:00:38] [#]} b5 $146 ({Predecessor:} 14... Qd7 15. Rfe1 Rbe8 16. Qf1 Bg4 17. Nd2 g5 18. h3 Bh5 19. Ne4 h6 20. g4 Bg6 {½-½ (50) Gouanelle,F (2158)-Rene,B (2299) Paris 2010}) 15. Rfe1 bxc4 16. Qxc4+ Nd5 17. Ng5 ({Don't play} 17. Qxc6 Nb4 18. Qc4+ d5 $11) 17... Qe8 18. Ne6 (18. Bxd5+ $16 cxd5 19. Qxd5+ Kh8 20. Rac1) 18... Bxe6 19. Rxe6 Rxf2 20. Kxf2 Qf7+ 21. Kg1 Qxe6 22. Qxc6 Nb4 23. Qe4 (23. Qc3 $11) 23... Qxe4 $15 24. Bxe4 d5 25. Bg2 e6 {[%emt 0:00:09] Black is more active.} 26. Bh3 Kf7 {[%emt 0:00:20] Black keeps a firm grip on the game.} 27. Rc1 {[%emt 0:02:18] [#]} Rb7 {[%emt 0:00:49] Inhibits Rc7+.} 28. Kg2 a5 29. Bc3 (29. Rf1+ $17 {might work better.} Ke7 30. Rc1) 29... Nxa2 $19 30. Rf1+ Ke7 31. Bxa5 Bxd4 32. Rf3 e5 33. Bd2 e4 34. Bg5+ Kd6 35. Rf8 Rxb3 {[%emt 0:00:24] [#] Hoping for ...Rb2+.} 36. Rd8+ Kc6 37. Bd7+ Kc5 {[%emt 0:00:35] Threatens to win with ...Rb2+.} 38. Rc8+ Kd6 39. Ba4 Rb6 40. Bf4+ Ke6 41. Re8+ (41. Rc6+ {was the only defense.} Rxc6 42. Bxc6) 41... Kf7 42. Ra8 (42. Rc8 {keeps fighting.} Nc3 43. Rc7+ Kf6 44. Rc6+ Rxc6 45. Bxc6) 42... Nc3 43. Bd7 Ke7 44. Bh3 Rb2+ 45. Kf1 e3 (45... Rb1+ $142 46. Bc1 Rxc1+ 47. Kg2 Rg1#) 46. Bg5+ Kf7 {[%emt 0:00:13] Weighted Error Value: White=0.85/Black=0.24 (precise)} 0-1

[Event "MCCT Chessable Masters 2022"]
[Site "Online"]
[Date "2022.05.16"]
[Round "2.6"]
[White "Wei, Yi"]
[Black "Harikrishna, Pentala"]
[Result "1-0"]
[ECO "D38"]
[WhiteElo "2727"]
[BlackElo "2705"]
[Annotator "TA"]
[PlyCount "75"]
[EventDate "2022.05.19"]
[EventType "tourn"]
[EventCountry "NET"]
[SourceTitle "playchess.com"]
[Source "ChessBase"]
[SourceQuality "1"]
[TimeControl "900+10"]

1. d4 Nf6 2. c4 e6 3. Nf3 d5 4. Nc3 Bb4 5. Qa4+ Nc6 6. e3 O-O 7. Qc2 {[%emt 0:00:01] D38: Queen's Gambit Declined: Ragozin Defence (4 Nf3 Bb4).} Na5 8. c5 b6 9. Bd2 {[%emt 0:01:16] White is slightly better.} bxc5 10. a3 Bxc3 11. Bxc3 Nc6 12. dxc5 Ne4 {[%emt 0:01:47] [#]} 13. b4 $146 ({Predecessor:} 13. Be2 Nxc3 14. Qxc3 a5 15. O-O Ba6 16. Bxa6 Rxa6 17. b4 Qb8 18. Qd3 Ra7 19. b5 {1-0 (61) Santos Ruiz,M (2560)-Bluebaum,M (2643) chess24.com INT 2019}) 13... Nxc3 14. Qxc3 a6 15. Be2 (15. Bd3 {is interesting.} e5 16. Nxe5 Qf6 17. f4) 15... Qf6 16. Qxf6 gxf6 17. Kd2 Bd7 18. Kc3 Rfb8 19. Rhb1 e5 20. a4 Ne7 21. Kd2 (21. Ne1 {is more complex.} Bf5 22. Bd3 Bg6 23. Nc2) 21... Kf8 22. Ne1 Ra7 23. Nc2 c6 {[%emt 0:00:30] Against b5} 24. g4 h6 {[%emt 0:00:23] [#]} (24... Ng6 $14) 25. f4 $1 $16 f5 26. fxe5 fxg4 27. Nd4 h5 ({Black should play} 27... Nf5 $1 $14) 28. Bd3 $18 Kg7 $2 {[%emt 0:00:22] [#]} (28... Be8 {is a better defense.} 29. Rb2 Ng6) 29. b5 $1 axb5 30. axb5 Rxa1 31. Rxa1 {[%emt 0:00:01] aiming for Ra7.} cxb5 32. Ra7 {[%emt 0:00:01] Prevents Rb7.} Rd8 33. e6 ({Worse is} 33. Nxb5 Nc6 34. Ra6 Nxe5 $17) ({Weaker is} 33. Bxb5 Bxb5 34. Rxe7 (34. Nxb5 Nc6 $16) 34... Rd7 $16) 33... fxe6 (33... Bxe6 34. Rxe7 Kf6) 34. c6 {[%emt 0:00:40][%cal Bc5c6,Bc6c7][%mdl 32] White is clearly winning.} Bc8 35. Rxe7+ Kf6 36. Rh7 e5 37. Nxb5 Kg5 38. c7 {[%emt 0:00:10] Weighted Error Value: White=0.05 (flawless) /Black=0.22 (precise)} 1-0

[Event "MCCT Chessable Masters 2022"]
[Site "Online"]
[Date "2022.05.16"]
[Round "2.7"]
[White "Giri, Anish"]
[Black "Praggnanandhaa R"]
[Result "1-0"]
[ECO "A21"]
[WhiteElo "2761"]
[BlackElo "2642"]
[Annotator "TA"]
[PlyCount "63"]
[EventDate "2022.05.19"]
[EventType "tourn"]
[EventCountry "NET"]
[SourceTitle "playchess.com"]
[Source "ChessBase"]
[SourceQuality "1"]
[TimeControl "900+10"]

1. c4 e5 2. Nc3 Bb4 3. Qc2 Nf6 4. Nf3 Bxc3 5. Qxc3 d6 6. b4 {[%emt 0:00:33] [#] A21: English Opening: 1...e5 2 Nc3.} e4 $146 ({Predecessor:} 6... O-O 7. d3 Re8 8. e4 c6 9. Be2 d5 10. Nd2 a5 11. a3 axb4 12. axb4 Rxa1 13. Qxa1 {1-0 (37) Yakubboev,N (2604)-Stoyanov,T (2396) Chess.com INT 2021}) 7. Ng5 h6 8. Nh3 {[%emt 0:00:02] The position is equal.} Bxh3 9. gxh3 Nbd7 10. Bb2 Qe7 11. Rg1 Rg8 12. O-O-O O-O-O 13. Kb1 Kb8 14. Ka1 c5 15. bxc5 Nxc5 16. Qa3 {[%emt 0:00:40] Prevents Na4.} Nfd7 (16... Rc8 $15) 17. d4 $11 exd3 18. exd3 Nb6 19. d4 (19. Bxg7 $2 f6 20. d4 Ne6 21. Bxf6 Qxf6 22. Rxg8 Rxg8 23. Qxd6+ Kc8 $19) 19... Nca4 20. Bc1 $1 Qf6 21. Be3 Rc8 22. Kb1 Rc6 (22... Nd5 $1 $11 {keeps the balance.} 23. Bd2 (23. cxd5 $2 Nc3+ 24. Ka1 Nxd1 $19) 23... Ndb6) 23. Bd3 (23. Rc1 $1 $16) 23... Rgc8 $1 24. Rc1 {[%emt 0:00:08] Threatens to win with c5.} g6 $2 (24... Nxc4 $11 25. Qxa4 Nxe3 26. fxe3 (26. Rxc6 Rxc6 27. Rc1 Rxc1+ 28. Kxc1 Nd5 $17) 26... Qf2) 25. Rc2 (25. c5 $1 $18) 25... Nxc4 $16 26. Qxa4 Ra6 {[%emt 0:00:06] [#]} (26... Nxe3 $16 {was called for.} 27. fxe3 Rxc2 28. Bxc2 Qf2) 27. Qxc4 (27. Rxc4 $6 Rxa4 28. Rxa4 Qf3 $14) ({White should try} 27. Qxa6 $1 $18 bxa6 28. Rxc4) 27... Rxc4 28. Rxc4 $40 {[%emt 0:00:06][%mdl 128] White wants a kill. Really sharp!} (28. Bxc4 $142 Rc6 29. Rgc1 (29. Bxh6 g5 $11)) 28... d5 29. Rc5 Rb6+ 30. Ka1 Qd6 {[%emt 0:00:01] [#]} (30... Rd6 $16 31. Be2 a6) 31. Rg4 $1 $18 {[%emt 0:00:24] Bf4 is the strong threat.} ({Don't play} 31. Bxh6 a6 32. Rg3 Rc6) 31... g5 {[%emt 0:00:30] [#] Against Bf4} (31... Qd7 32. Bf4+ (32. Bxh6 a6 $16) 32... Ka8) 32. Bf4 $1 {[%emt 0:00:12][%mdl 512] Weighted Error Value: White=0.21 (precise) /Black=0.41} 1-0

[Event "MCCT Chessable Masters 2022"]
[Site "Online"]
[Date "2022.05.16"]
[Round "2.8"]
[White "Tari, Aryan"]
[Black "Grandelius, Nils"]
[Result "1/2-1/2"]
[ECO "B52"]
[WhiteElo "2654"]
[BlackElo "2635"]
[Annotator "TA"]
[PlyCount "113"]
[EventDate "2022.05.19"]
[EventType "tourn"]
[EventCountry "NET"]
[SourceTitle "playchess.com"]
[Source "ChessBase"]
[SourceQuality "1"]
[TimeControl "900+10"]

1. e4 c5 2. Nf3 d6 3. Bb5+ Bd7 4. Bxd7+ Nxd7 5. O-O Ngf6 6. Qe2 e6 7. b3 Be7 8. Bb2 O-O 9. c4 a6 10. Nc3 {[%emt 0:00:56] B52: Sicilian: Moscow Variation with 3...Bd7.} Ne5 11. Nxe5 dxe5 12. f4 {[%emt 0:00:00] [#]} exf4 $146 ({Predecessor:} 12... Nd7 13. f5 Bf6 14. Nd1 Nb8 15. fxe6 fxe6 16. Ne3 Nc6 17. Ng4 Nd4 18. Qd3 Qe7 {0-1 (36) Aan,S (1910)-Varshini,V (2056) Mumbai 2017}) 13. e5 Nd7 14. Rxf4 Qc7 15. Re1 Rae8 16. Re4 Qc6 17. Nd1 Bg5 18. Nf2 f5 19. exf6 $1 Nxf6 (19... Bxf6 $14 {is more appropriate.} 20. Bc3 Bxc3 21. dxc3 e5) 20. Bxf6 (20. Rxe6 $16 Qxe6 21. Qxe6+ Rxe6 22. Rxe6) 20... Bxf6 $14 21. Rxe6 Rxe6 22. Qxe6+ Qxe6 23. Rxe6 {[%emt 0:00:00][%mdl 4096] Endgame KRB-KRN} Bd4 24. Re2 b5 25. d3 Rd8 26. cxb5 axb5 27. Rc2 b4 28. Kf1 Bxf2 29. Kxf2 Rxd3 30. Rxc5 $11 {[%emt 0:00:05] KR-KR} Rd2+ 31. Kf3 Rxa2 32. Rb5 Rb2 33. Rxb4 h5 34. h4 Kh7 35. g3 Kh6 36. Rb8 g6 37. b4 (37. g4 $14 {feels stronger.}) 37... Rb1 $2 {[%emt 0:00:11] [#]} (37... Rc2 $11) 38. b5 $2 (38. g4 $1 $18 ) 38... Rb4 39. b6 {[%emt 0:01:29] Threatens to win with Ke3.} Kg7 40. Ke3 Rg4 $2 (40... Kf6 $11) 41. Kf2 $2 (41. Rc8 $18 {Threatening mate with b7.} Rxg3+ 42. Kd4) 41... Rb4 42. Kf3 Kf6 43. Ke3 $2 ({White must play} 43. b7 $18 {White threatens Rf8+ and mate.} Kg7 44. Kf2) 43... Kf5 $1 {[%emt 0:00:59] The position is equal.} 44. b7 {[%emt 0:01:27] [#] Intending Rf8+ and mate.} Kg4 45. Rg8 Rb3+ 46. Ke4 Rb4+ 47. Ke5 Rb5+ 48. Kf6 Rb6+ 49. Ke5 Rb5+ 50. Kf6 Rb6+ 51. Kf7 Rxb7+ 52. Kxg6 {[%emt 0:00:01] And now Kh6+ would win.} Kxg3 53. Kxh5+ Kh3 54. Rg6 Rh7+ 55. Kg5 {[%emt 0:00:02] aiming for h5.} Rxh4 56. Rh6 Rxh6 57. Kxh6 {[%emt 0:00:00] Weighted Error Value: White=0.29 (precise) /Black=0.30} 1/2-1/2

[Event "MCCT Chessable Masters 2022"]
[Site "Online"]
[Date "2022.05.16"]
[Round "3.1"]
[White "Grandelius, Nils"]
[Black "Carlsen, Magnus"]
[Result "0-1"]
[ECO "B22"]
[WhiteElo "2635"]
[BlackElo "2864"]
[Annotator "TA"]
[PlyCount "60"]
[EventDate "2022.05.19"]
[EventType "tourn"]
[EventCountry "NET"]
[SourceTitle "playchess.com"]
[Source "ChessBase"]
[SourceQuality "1"]
[TimeControl "900+10"]

1. e4 c5 2. c3 d5 3. exd5 Nf6 4. Bb5+ Nbd7 5. c4 a6 6. Bxd7+ {[%emt 0:00:01] B22: Sicilian: 2 c3.} Qxd7 ({Weaker is} 6... Kxd7 7. Nc3 $16) 7. d4 e6 {[%emt 0:00:34][%cal Be7e6,Be6d5,Bd5c4][%mdl 32] [#]} 8. Be3 $146 {[%emt 0:00:23] The position is equal.} ({Predecessor:} 8. Nf3 exd5 9. O-O dxc4 10. Qe2+ Be7 11. dxc5 O-O 12. Qxc4 Qd5 13. Qxd5 Nxd5 14. Rd1 {0-1 (39) Zumsande,M (2432)-Berg,E (2555) Germany 2015}) 8... exd5 9. dxc5 dxc4 10. Na3 Nd5 11. Bd4 {[%emt 0:02:25] [#]} (11. Nxc4 $15 Nxe3 12. Nxe3) 11... Nf4 $1 $19 12. Kf1 Qd5 13. Nf3 Bf5 {[%emt 0:00:13] Active counter play!} 14. Qa4+ Bd7 15. Qb4 {[%emt 0:01:16][%mdl 8192] [#]} (15. Qc2 $17) 15... b6 $2 (15... Bh3 $1 $19 16. Qa4+ (16. Re1+ $2 Be7 $19) 16... Kd8) 16. Re1+ $11 Ne6 17. Qxb6 f6 18. Nc2 c3 (18... Kf7 $5 ) 19. bxc3 {[%emt 0:01:06] Strongly threatening Nb4.} Kf7 20. Ne3 Qc6 21. h3 Nxc5 22. Qxc6 (22. Qb1 {is more complex.} Bd6 23. Bxc5 Bxc5 24. Kg1) 22... Bxc6 23. Ke2 Ne6 24. g3 (24. Ra1 $15) 24... Nxd4+ $19 25. cxd4 (25. Nxd4 $17 Bxh1 26. Rxh1) 25... Bb5+ 26. Kd1 Bb4 {[%emt 0:00:04] Threatens to win with ...Rac8.} 27. Nd2 Rac8 {[%emt 0:00:13] White must now prevent ...Rc3.} 28. Nd5 (28. Nc2 {was necessary.} Ba4 29. Nb3 Bxe1 30. Rxe1) 28... Ba4+ {[%emt 0:00:11] This bishop pair is nice.} 29. Ke2 $2 (29. Nb3 Bxe1 30. Rxe1) 29... Rhe8+ 30. Ne3 Rc2 {[%emt 0:00:10] Weighted Error Value: White=0.74/Black=0.38} 0-1

[Event "MCCT Chessable Masters 2022"]
[Site "Online"]
[Date "2022.05.16"]
[Round "3.2"]
[White "Praggnanandhaa R"]
[Black "Tari, Aryan"]
[Result "1-0"]
[ECO "C65"]
[WhiteElo "2642"]
[BlackElo "2654"]
[Annotator "TA"]
[PlyCount "71"]
[EventDate "2022.05.19"]
[EventType "tourn"]
[EventCountry "NET"]
[SourceTitle "playchess.com"]
[Source "ChessBase"]
[SourceQuality "1"]
[TimeControl "900+10"]

1. e4 e5 2. Nf3 Nc6 3. Bb5 Nf6 4. d3 Bc5 5. c3 O-O 6. O-O {[%emt 0:00:02] C65: Ruy Lopez: Berlin Defence (3...Nf6), unusual lines and 4 0-0 Bc5.} d5 7. Qe2 dxe4 8. dxe4 {[%emt 0:00:02] The position is equal.} a5 9. Bg5 Qe7 {[%emt 0:00:32] [#]} 10. Bh4 $146 ({Predecessor:} 10. Nbd2 h6 11. Bh4 Nb8 12. Ba4 c6 13. Bb3 a4 14. Bc2 Nbd7 15. b4 Bd6 16. Nc4 {0-1 (44) Hou,Y (2658)-Lei,T (2505) Chess.com INT 2021}) 10... Nb8 11. Nbd2 c6 12. Bd3 Nbd7 13. Nc4 b5 14. Ne3 Bxe3 15. Qxe3 a4 16. Rfd1 Bb7 17. Rd2 Rfd8 {[%emt 0:01:44] White stays focused until the end.} 18. Rad1 Nf8 19. Qb6 Ra6 20. Bxf6 gxf6 21. Qe3 Ng6 {[%emt 0:00:17] Inhibits Nh4.} 22. h4 Raa8 {[%emt 0:01:06] [#]} 23. g3 $1 Bc8 24. h5 Nf8 {[%emt 0:00:06] [#]} 25. Nh4 $1 Be6 26. Nf5 Bxf5 27. exf5 {[%emt 0:00:00] Black must now prevent h6.} Rd6 $2 (27... a3 28. b4 Qc7) 28. Be4 Rxd2 29. Qxd2 ({Resist} 29. Rxd2 Qc7 30. h6 Nd7 $18) 29... Rc8 $2 (29... h6 30. Bxc6 Rc8) 30. h6 $18 {[%emt 0:00:27] White is clearly winning.} Kh8 31. Qd6 Qxd6 32. Rxd6 c5 33. Bc6 b4 34. Bxa4 bxc3 35. bxc3 c4 36. Bb5 {[%emt 0:00:13] Weighted Error Value: White=0.06 (flawless) /Black=0.37} 1-0

[Event "MCCT Chessable Masters 2022"]
[Site "Online"]
[Date "2022.05.16"]
[Round "3.3"]
[White "Harikrishna, Pentala"]
[Black "Giri, Anish"]
[Result "1/2-1/2"]
[ECO "A48"]
[WhiteElo "2705"]
[BlackElo "2761"]
[Annotator "TA"]
[PlyCount "139"]
[EventDate "2022.05.19"]
[EventType "tourn"]
[EventCountry "NET"]
[SourceTitle "playchess.com"]
[Source "ChessBase"]
[SourceQuality "1"]
[TimeControl "900+10"]

1. d4 Nf6 2. Nf3 g6 3. Bg5 Bg7 4. Nbd2 O-O 5. c3 h6 6. Bh4 d6 7. e4 c5 8. dxc5 dxc5 9. Bc4 Nc6 10. O-O {[%emt 0:00:17] A48: 1 d4 Nf6 2 Nf3 g6: Torre, London and Colle Systems.} Na5 11. Be2 Be6 12. Qc2 Nh5 13. Rfd1 Qc7 {[%emt 0:00:05] [#]} 14. Nb3 $146 ({Predecessor:} 14. Nf1 Nf4 15. Ne3 Rad8 16. Bf1 {½-½ (16) Neelotpal,D (2477)-Kempinski,R (2595) Hoogeveen 2008}) 14... Nxb3 15. axb3 Nf4 16. Bc4 Bg4 $1 17. Bg3 Bxf3 18. gxf3 Be5 19. Rd2 e6 20. Rad1 Rad8 21. Qc1 {[%emt 0:00:32] [#] Hoping for Rxd8.} g5 22. Rxd8 Rxd8 23. Rd2 Ng6 24. Qd1 (24. Rxd8+ $17 Qxd8 25. Bxe5 Nxe5 26. Be2) 24... Rxd2 $19 25. Qxd2 Bf4 26. Qd1 h5 27. Bf1 h4 28. Bxf4 Nxf4 {[%emt 0:00:28][%mdl 4096] Endgame KQB-KQN} 29. h3 a5 30. Qd2 b6 31. Qd1 Kf8 32. Qd2 Ke7 33. Qd1 Qd6 34. Qc1 Kf6 35. Qe1 Ng6 36. Qc1 Nf4 37. Qe1 Qe5 38. Qd2 Ke7 {[%emt 0:00:01] Inhibits Qd8+.} 39. Qd1 Qb8 40. Qa1 Qd6 {[%emt 0:00:15] White must now prevent ...Qd2.} 41. Qc1 {[%emt 0:00:02] Against Qd2} Qd7 42. Kh2 Kf6 43. Kg1 a4 44. bxa4 Qxa4 45. Qd2 Ke7 {[%emt 0:00:03] Against Qd8+} 46. Kh2 Qd7 47. Qc1 Qd6 {[%emt 0:00:27] aiming for ...Ne2+.} 48. Kg1 Kf6 49. Qe1 Kg7 50. Qc1 b5 (50... Kh7 $17 51. Qe1 b5) 51. Qe1 (51. Bxb5 $15 Nxh3+ 52. Kg2 Nf4+ 53. Kh1) 51... b4 52. Qc1 b3 53. Qe1 c4 54. Bxc4 Nxh3+ 55. Kg2 Nf4+ 56. Kh1 Qc5 57. Bf1 Kf6 58. Qe3 Qd6 59. Kg1 e5 {[%emt 0:00:12] And now ...Qd1 would win.} 60. Bc4 ({White should try} 60. Qe1 $15) 60... Qd1+ 61. Kh2 {[%emt 0:00:01] [#]} Qc2 (61... g4 $1 $17 {[%cal Rg4g3] ...g3+ is the strong threat.} 62. fxg4 Qxg4) 62. Qa7 $11 {[%emt 0:00:03][%csl Gc4][%cal Ra7f7] Really sharp! The position is equal.} Ne6 63. Bxe6 fxe6 {[%emt 0:00:03] KQ-KQ} 64. Kg2 Qxb2 65. Qc5 Qc2 66. Qf8+ Kg6 67. Qg8+ Kf6 68. Qf8+ Kg6 69. Qg8+ Kf6 70. Qf8+ {[%emt 0:00:01] Black had all chances to win.  Weighted Error Value: White=0.12 (very precise) /Black=0.12 (very precise)} 1/2-1/2

[Event "MCCT Chessable Masters 2022"]
[Site "Online"]
[Date "2022.05.16"]
[Round "3.4"]
[White "Jones, Gawain C B"]
[Black "Wei, Yi"]
[Result "0-1"]
[ECO "B22"]
[WhiteElo "2669"]
[BlackElo "2727"]
[Annotator "TA"]
[PlyCount "138"]
[EventDate "2022.05.19"]
[EventType "tourn"]
[EventCountry "NET"]
[SourceTitle "playchess.com"]
[Source "ChessBase"]
[SourceQuality "1"]
[TimeControl "900+10"]

1. e4 c5 2. c3 Nf6 3. e5 Nd5 4. Nf3 d6 5. d4 cxd4 6. cxd4 Nc6 7. Bc4 dxe5 8. dxe5 Be6 {[%emt 0:00:01][%cal Od5f4] B22: Sicilian: 2 c3.} 9. O-O g6 10. Ng5 {[%emt 0:00:03] 10.Ng5 scores better than 10.Qe2.} Bg7 {[%emt 0:00:06] The position is equal.} 11. Nxe6 fxe6 12. f4 Qb6+ 13. Kh1 Rd8 14. Qe2 Qc5 {[%emt 0:01:13] [#]} 15. Qe4 $146 ({Predecessor:} 15. Na3 O-O 16. Nc2 Nd4 17. Nxd4 Qxd4 18. Bxd5 exd5 19. Rd1 Qb4 20. b3 e6 21. Bd2 {½-½ (33) Tomizawa,T (2293)-Huzita,S (2304) ICCF email 2021}) 15... Nxf4 {[%emt 0:02:29] aiming for ...Rd4.} 16. Be3 {[%emt 0:06:29] Prevents Rd4.} ({Of course not} 16. Bxf4 Rd4 17. Qe1 Qxc4 $17) (16. Qxf4 $2 Rf8 17. Qe3 Qxc4 18. Rxf8+ Kxf8 $19) 16... Qxe5 17. Qxe5 ({Don't blunder} 17. Rxf4 $2 Qxe4 18. Rxe4 Rd1+ 19. Bg1 Bxb2 $19) (17. Qxf4 $11 {keeps the balance.} Qxf4 18. Bxf4 Bxb2 19. Nd2 $1 Bxa1 20. Rxa1) 17... Bxe5 ({Black should try} 17... Nxe5 $17 18. Bb5+ Nc6 19. Bxf4 Bxb2) 18. Bxf4 $11 Rf8 19. Bxe5 Rxf1+ 20. Bxf1 {[%emt 0:00:00] This bishop pair is nice.} Rd1 {[%emt 0:00:01][%cal Rd1f1] [#]} 21. Kg1 Nxe5 22. h3 {[%emt 0:01:17] Inhibits Ng4.} Nd3 23. g3 $2 {[%emt 0:01:43] White is on the road to losing.} (23. a4 $1 $11 {and White is okay.}) 23... e5 $1 $19 ({Worse is} 23... Nxb2 24. a4 $11) 24. Kg2 e4 {[%emt 0:00:08] White must now prevent ...Ne1+.} 25. Bxd3 exd3 {[%emt 0:00:04][%mdl 4096] Endgame KRN-KR} 26. Kf2 a5 {[%emt 0:01:19][%mdl 1024] Black has strong compensation.} 27. a4 (27. b3 $142) 27... e5 28. Ke3 Ke7 $1 29. h4 $2 (29. Ke4) 29... h5 30. Ra3 {[%emt 0:00:42] Nd2 is the strong threat.} Rxb1 31. Rxd3 Rxb2 {[%emt 0:00:29] KR-KR} 32. Rd5 Rb3+ 33. Kf2 Ke6 34. Rxa5 Kf5 35. Rc5 (35. Rd5 {was the only chance.}) 35... Rb4 $2 (35... Kg4 36. Rxe5 Rf3+ 37. Ke2 Rxg3 38. Re4+ Kh3) 36. Rc7 $2 (36. a5 {was the only defense.}) 36... Ke4 37. Rg7 (37. a5 {was called for.}) 37... Rb2+ 38. Kg1 (38. Ke1 $142 Kf3 39. Rxg6) 38... Kf3 39. Rxg6 e4 40. Rf6+ Kxg3 41. Kf1 Rb4 42. a5 Kxh4 {[%emt 0:00:08] Hoping for ...Kh3.} 43. Rg6 Rb2 44. Re6 Rb4 (44... Kg3 $142 45. Rxe4 Rb1+ 46. Ke2 h4 47. Re3+ Kg2) 45. Rg6 $1 Kh3 {[%emt 0:00:22] And now ...Ra4 would win.} 46. Ke2 h4 {[%emt 0:00:13] Threatens to win with ...Kh2.} 47. Ke3 Kh2 48. a6 bxa6 49. Rxa6 h3 50. Rg6 Kh1 51. Rg8 h2 52. Rg7 Rb2 53. Kxe4 {[%emt 0:00:12] [#]} Rg2 $1 54. Ra7 Rg3 55. Ra2 Kg1 56. Kf4 Rf3+ 57. Kxf3 h1=Q+ {[%emt 0:00:02] KQ-KR} 58. Kg3 Qh8 59. Rg2+ Kf1 60. Rf2+ {[%emt 0:00:01] [#]} Ke1 $1 61. Rf5 Qg7+ 62. Kf3 Qd4 63. Rf4 Qd3+ 64. Kg4 Ke2 65. Rf6 Qd4+ 66. Rf4 Qd7+ 67. Kg5 Ke3 68. Rf6 Ke4 {[%emt 0:00:04] ( -> ...Qg7+)} 69. Rf1 Qb5+ {[%emt 0:00:02] Weighted Error Value: White=0.78/Black=0.28 (precise)} 0-1